PAA
SUN PRAIRIE SWALLOWS @ MERCER ISLAND SCREAMING EAGLES
08/09/2021
 
TOP OF THE 1ST
Sun Prairie Swallows batting - Pitching for Mercer Island Screaming Eagles : RHP Marcos López
Pitching: RHP Marcos López
Batting: RHB Reece White 0-0: Ball
1-0: Foul Ball, location: 2F
1-1: Called Strike
1-2: Ball
2-2: Strikes out swinging
Batting: LHB Jason Tagwerker 0-0: DOUBLE (Flyball, 8RM)
Batting: RHB Greg Griffin 0-0: Ball
1-0: Ground out 4-3 (Groundball, 4)
Jason Tagwerker to third
Batting: LHB Francisco Ornelas 0-0: Ball
1-0: Fly out, F8 (Line Drive, 8LD)
Top of the 1st over - 0 run(s), 1 hit(s), 0 error(s), 1 left on base; Sun Prairie 0 - Mercer Island 0
BOTTOM OF THE 1ST
Mercer Island Screaming Eagles batting - Pitching for Sun Prairie Swallows : RHP Ernest Gunter
Pitching: RHP Ernest Gunter
Batting: LHB Nelson Plasenia 0-0: Ball
1-0: Ball
2-0: Ball
3-0: Called Strike
3-1: Fly out, F8 (Flyball, 8LM)
Batting: RHB Shawn McCormack 0-0: Ball
1-0: Swinging Strike
1-1: Foul Ball, location: 2F
1-2: Strikes out swinging
Batting: RHB Enrique Echevarría 0-0: Ball
1-0: Called Strike
1-1: Ball
2-1: Foul Ball, location: 2F
2-2: Foul Ball, location: 2F
2-2: Ball
3-2: Foul Ball, location: 2F
3-2: Base on Balls
Batting: RHB Luis Antonio Hernández 0-0: Ball
1-0: Foul Ball, location: 2F
1-1: Ball
2-1: Called Strike
Enrique Echevarría is caught stealing 2nd base
Bottom of the 1st over - 0 run(s), 0 hit(s), 0 error(s), 0 left on base; Sun Prairie 0 - Mercer Island 0
TOP OF THE 2ND
Sun Prairie Swallows batting - Pitching for Mercer Island Screaming Eagles : RHP Marcos López
Batting: RHB Kent Jackson 0-0: Ground out 5-3 (Groundball, 56S)
Batting: RHB Luis Hernández 0-0: Foul Ball, location: 2F
0-1: Ball
1-1: Ball
2-1: Ground out 6-3 (Groundball, 6M)
Batting: RHB Julián Rocha 0-0: Ball
1-0: Fly out, F6 (Line Drive, 6)
Top of the 2nd over - 0 run(s), 0 hit(s), 0 error(s), 0 left on base; Sun Prairie 0 - Mercer Island 0
BOTTOM OF THE 2ND
Mercer Island Screaming Eagles batting - Pitching for Sun Prairie Swallows : RHP Ernest Gunter
Batting: RHB Luis Antonio Hernández 0-0: Ball
1-0: Ball
2-0: Ball
3-0: Called Strike
3-1: Called Strike
3-2: TRIPLE (Line Drive, 89M)
Batting: RHB Randy Rehling 0-0: Swinging Strike
0-1: SINGLE (Groundball, 6MD)
Luis Antonio Hernández scores
Batting: LHB Carlos Medina 0-0: Ball
1-0: Called Strike
1-1: Fielders Choice at 2nd, 1-6 (Groundball, 15S)
Batting: SHB León Estrada 0-0: Ball
1-0: Fielders Choice at 2nd, 2-6 (Groundball, 2L)
Batting: RHB Ted Cook 0-0: Called Strike
0-1: Called Strike
0-2: Ball
1-2: Ball
2-2: Ball
3-2: Fly out, F3 (Line Drive, 34)
Bottom of the 2nd over - 1 run(s), 2 hit(s), 0 error(s), 1 left on base; Sun Prairie 0 - Mercer Island 1
TOP OF THE 3RD
Sun Prairie Swallows batting - Pitching for Mercer Island Screaming Eagles : RHP Marcos López
Batting: RHB Millard Lewis 0-0: Swinging Strike
0-1: Ball
1-1: Swinging Strike
1-2: Strikes out swinging
Batting: SHB Aurelio Costello 0-0: Swinging Strike
0-1: Ground out U3 (Groundball, 3S)
Batting: RHB Reece White 0-0: Ball
1-0: Ball
2-0: Ball
3-0: Called Strike
3-1: Foul Ball, location: 2F
3-2: Foul Ball, location: 2F
3-2: Base on Balls
Batting: LHB Jason Tagwerker 0-0: Foul Ball, location: 2F
0-1: Foul Ball, location: 2F
0-2: Strikes out swinging
Top of the 3rd over - 0 run(s), 0 hit(s), 0 error(s), 1 left on base; Sun Prairie 0 - Mercer Island 1
BOTTOM OF THE 3RD
Mercer Island Screaming Eagles batting - Pitching for Sun Prairie Swallows : RHP Ernest Gunter
Batting: RHB Alan Rosales 0-0: Swinging Strike
0-1: Called Strike
0-2: Ball
1-2: Foul Ball, location: 2F
1-2: Ball
2-2: Strikes out swinging
Batting: LHB Nelson Plasenia 0-0: Foul Ball, location: 2F
0-1: Called Strike
0-2: Ground out 1-3 (Groundball, 15S)
Batting: RHB Shawn McCormack 0-0: Fly out, F8 (Flyball, 8LM)
Bottom of the 3rd over - 0 run(s), 0 hit(s), 0 error(s), 0 left on base; Sun Prairie 0 - Mercer Island 1
TOP OF THE 4TH
Sun Prairie Swallows batting - Pitching for Mercer Island Screaming Eagles : RHP Marcos López
Batting: RHB Greg Griffin 0-0: Ball
1-0: Foul Ball, location: 2F
1-1: Swinging Strike
1-2: Ball
2-2: Ball
3-2: Foul Ball, location: 2F
3-2: SINGLE (Flyball, 4D)
Batting: LHB Francisco Ornelas 0-0: Fly out, F8 (Flyball, 8LM)
Batting: RHB Kent Jackson 0-0: Called Strike
0-1: Fly out, F9 (Flyball, 9M)
Batting: RHB Luis Hernández 0-0: Ball
1-0: Swinging Strike
1-1: Ball
2-1: DOUBLE (Flyball, 9LD)
Greg Griffin to third
Runner from 3rd tries for Home, SAFE, no throw or cutoff
Batting: RHB Julián Rocha 0-0: Ball
1-0: Ball
2-0: Ball
3-0: Called Strike
3-1: Base on Balls
Batting: RHB Millard Lewis 0-0: Foul Ball, location: 2F
0-1: Ball
1-1: Fielders Choice at 2nd, 6-4 (Groundball, 6)
Top of the 4th over - 1 run(s), 2 hit(s), 0 error(s), 1 left on base; Sun Prairie 1 - Mercer Island 1
BOTTOM OF THE 4TH
Mercer Island Screaming Eagles batting - Pitching for Sun Prairie Swallows : RHP Ernest Gunter
Batting: RHB Enrique Echevarría 0-0: Ball
1-0: Foul Ball, location: 2F
1-1: Called Strike
1-2: Ball
2-2: Ball
3-2: Ground out 5-3 (Groundball, 5S)
Batting: RHB Luis Antonio Hernández 0-0: Called Strike
0-1: Ball
1-1: Ground out 5-3 (Groundball, 56S)
Batting: RHB Randy Rehling 0-0: Ball
1-0: SINGLE (Groundball, 6MD)
Batting: LHB Carlos Medina 0-0: Ball
1-0: Ground out 4-3 (Groundball, 4)
Bottom of the 4th over - 0 run(s), 1 hit(s), 0 error(s), 1 left on base; Sun Prairie 1 - Mercer Island 1
TOP OF THE 5TH
Sun Prairie Swallows batting - Pitching for Mercer Island Screaming Eagles : RHP Marcos López
Batting: SHB Aurelio Costello 0-0: Ball
1-0: Foul Ball, location: 2F
1-1: Called Strike
1-2: Ball
2-2: Foul Ball, location: 2F
2-2: Ball
3-2: Strikes out swinging
Batting: RHB Reece White 0-0: Ball
1-0: Foul Ball, location: 2F
1-1: Ball
2-1: Fly out, F8 (Line Drive, 8LM)
Batting: LHB Jason Tagwerker 0-0: Ball
1-0: Fly out, F8 (Flyball, 8LM)
Top of the 5th over - 0 run(s), 0 hit(s), 0 error(s), 0 left on base; Sun Prairie 1 - Mercer Island 1
BOTTOM OF THE 5TH
Mercer Island Screaming Eagles batting - Pitching for Sun Prairie Swallows : RHP Ernest Gunter
Batting: SHB León Estrada 0-0: Foul Ball, location: 2F
0-1: Fly out, F6 (Popup, 6D)
Batting: RHB Ted Cook 0-0: Fly out, F3 (Popup, 3SF)
Batting: RHB Alan Rosales 0-0: Swinging Strike
0-1: Called Strike
0-2: Ball
1-2: Foul Ball, location: 2F
1-2: Foul Ball, location: 2F
1-2: Ball
2-2: SINGLE (Groundball, 56D)
Batting: LHB Nelson Plasenia 0-0: Ball
Alan Rosales is caught stealing 2nd base
Bottom of the 5th over - 0 run(s), 1 hit(s), 0 error(s), 0 left on base; Sun Prairie 1 - Mercer Island 1
TOP OF THE 6TH
Sun Prairie Swallows batting - Pitching for Mercer Island Screaming Eagles : RHP Marcos López
Batting: RHB Greg Griffin 0-0: Swinging Strike
0-1: Ball
1-1: Foul Ball, location: 2F
1-2: Ball
2-2: Ground out 4-3 (Groundball, 4)
Batting: LHB Francisco Ornelas 0-0: SINGLE (Line Drive, 6M)
Batting: RHB Kent Jackson 0-0: Foul Ball, location: 2F
0-1: Ball
1-1: Called Strike
Francisco Ornelas is caught stealing 2nd base
1-2: SINGLE (Flyball, 8LS)
Batting: RHB Luis Hernández 0-0: Ground out 1-3 (Groundball, 15)
Top of the 6th over - 0 run(s), 2 hit(s), 0 error(s), 1 left on base; Sun Prairie 1 - Mercer Island 1
BOTTOM OF THE 6TH
Mercer Island Screaming Eagles batting - Pitching for Sun Prairie Swallows : RHP Ernest Gunter
Batting: LHB Nelson Plasenia 0-0: Called Strike
0-1: Foul Ball, location: 2F
0-2: Ball
1-2: SINGLE (Groundball, 4M)
Batting: RHB Shawn McCormack 0-0: Ball
1-0: Ball
2-0: Bunted foul
2-1: Sac Bunt - play at first, batter OUT! U3
Nelson Plasenia to second
Batting: RHB Enrique Echevarría 0-0: Ball
1-0: Fly out, F8 (Flyball, 8LS)
Batting: RHB Luis Antonio Hernández 0-0: Swinging Strike
0-1: SINGLE (Line Drive, 7S)
Nelson Plasenia to third
Runner from 3rd tries for Home, SAFE, no throw or cutoff
Batting: RHB Randy Rehling 0-0: Called Strike
0-1: Foul Ball, location: 2F
0-2: Strikes out swinging
Bottom of the 6th over - 1 run(s), 2 hit(s), 0 error(s), 1 left on base; Sun Prairie 1 - Mercer Island 2
TOP OF THE 7TH
Sun Prairie Swallows batting - Pitching for Mercer Island Screaming Eagles : RHP Marcos López
Batting: RHB Julián Rocha 0-0: Ground out 6-3 (Groundball, 6)
Batting: RHB Millard Lewis 0-0: Ball
1-0: Ball
2-0: Ground out 3-1 (Groundball, 3L)
Batting: SHB Aurelio Costello 0-0: Ball
1-0: Foul Ball, location: 2F
1-1: Ball
2-1: SINGLE (Line Drive, 4D)
Pinch Hitting: RHB Jim Unknown 0-0: Ball
1-0: Ball
2-0: Foul Ball, location: 2F
2-1: Foul Ball, location: 2F
2-2: Strikes out swinging
Top of the 7th over - 0 run(s), 1 hit(s), 0 error(s), 1 left on base; Sun Prairie 1 - Mercer Island 2
BOTTOM OF THE 7TH
Mercer Island Screaming Eagles batting - Pitching for Sun Prairie Swallows : RHP Ernest Gunter
Now at SS: Christos Galpin
Batting: LHB Carlos Medina 0-0: Called Strike
0-1: SINGLE (Flyball, 89S)
Batting: SHB León Estrada 0-0: Sac Bunt - play at second, runner safe!
Pinch Runner at 2nd Mike Kelly:
Pinch Hitting: SHB Ray Davis 0-0: Ball
1-0: Called Strike
1-1: Foul Ball, location: 2F
1-2: Fly out, F8 (Flyball, 8RD)
Runner from 2nd tags up, SAFE at 3rd, no throw
Pitching: RHP Paul Nance
Batting: RHB Alan Rosales 0-0: Ball
1-0: Called Strike
1-1: Ball
2-1: Ball
3-1: Called Strike
3-2: SINGLE (Groundball, 4MD)
Mike Kelly scores
León Estrada to second
Runner from 2nd tries for 3rd, SAFE, throw made to third
Batting: LHB Nelson Plasenia 0-0: Called Strike
Alan Rosales steals 2nd base
0-1: Ball
1-1: Intentional Walk
Pinch Hitting: RHB P.J. O'Keefe 0-0: Fly out, F6 (Popup, 6M)
Batting: RHB Enrique Echevarría 0-0: Called Strike
0-1: Foul Ball, location: 2F
0-2: Fly out, F6 (Popup, 6D)
Bottom of the 7th over - 1 run(s), 2 hit(s), 0 error(s), 3 left on base; Sun Prairie 1 - Mercer Island 3
TOP OF THE 8TH
Sun Prairie Swallows batting - Pitching for Mercer Island Screaming Eagles : RHP Marcos López
Pitching: LHP Jeffrey Little
Now at 1B: Ray Davis
Now at 2B: Mike Kelly
Now in CF: Colm Neal
Batting: LHB Jason Tagwerker 0-0: Called Strike
0-1: Swinging Strike
0-2: Ball
1-2: Strikes out swinging
Batting: RHB Greg Griffin 0-0: Ball
1-0: Foul Ball, location: 2F
1-1: Fly out, F8 (Flyball, 89M)
Batting: LHB Francisco Ornelas 0-0: Swinging Strike
0-1: Ball
1-1: Fly out, F7 (Flyball, 7S)
Top of the 8th over - 0 run(s), 0 hit(s), 0 error(s), 0 left on base; Sun Prairie 1 - Mercer Island 3
BOTTOM OF THE 8TH
Mercer Island Screaming Eagles batting - Pitching for Sun Prairie Swallows : RHP Paul Nance
Batting: RHB Luis Antonio Hernández 0-0: Ball
1-0: Called Strike
1-1: Foul Ball, location: 2F
1-2: Ball
2-2: SINGLE (Groundball, 25) (infield hit)
Batting: RHB Randy Rehling 0-0: Called Strike
Luis Antonio Hernández steals 2nd base
0-1: Ball
1-1: Intentional Walk
Pinch Hitting: RHB Vincente Flores 0-0: Ball
1-0: Bunted foul
1-1: Bunt missed!
1-2: Ball
2-2: Ball
3-2: Strikes out swinging
Batting: SHB León Estrada 0-0: Called Strike
0-1: Foul Ball, location: 2F
0-2: Ball
Wild Pitch!
Luis Antonio Hernández to third
Randy Rehling to second
1-2: Strikes out looking
Batting: SHB Ray Davis 0-0: Fly out, F2 (Popup, 2RF)
Bottom of the 8th over - 0 run(s), 1 hit(s), 0 error(s), 2 left on base; Sun Prairie 1 - Mercer Island 3
TOP OF THE 9TH
Sun Prairie Swallows batting - Pitching for Mercer Island Screaming Eagles : LHP Jeffrey Little
Pitching: RHP Alejandro Arteaga
Now at 2B: Gus Gibbs
Batting: RHB Kent Jackson 0-0: Called Strike
0-1: Ball
1-1: Foul Ball, location: 2F
1-2: Ball
2-2: Foul Ball, location: 2F
2-2: Strikes out swinging
Pitching: LHP Tim Harris
Batting: RHB Luis Hernández 0-0: Ball
1-0: Foul Ball, location: 2F
1-1: Foul Ball, location: 2F
1-2: Ball
2-2: Ball
3-2: SINGLE (Groundball, 56D)
Pinch Hitting: SHB Jared Robinson 0-0: Swinging Strike
0-1: Swinging Strike
0-2: Strikes out swinging
Batting: RHB Millard Lewis 0-0: Ball
1-0: Ball
2-0: Ball
3-0: Base on Balls
Luis Hernández to second
Pinch Runner at 2nd Jim Unknown:
Pinch Hitting: RHB Jim Unknown 0-0: SINGLE (Line Drive, 89S)
Jim Unknown to third
Millard Lewis to second
Runner from 3rd tries for Home, SAFE, no throw or cutoff
Batting: SHB Christos Galpin 0-0: Foul Ball, location: 2F
0-1: Fly out, F3 (Popup, 3F)
Top of the 9th over - 1 run(s), 2 hit(s), 0 error(s), 2 left on base; Sun Prairie 2 - Mercer Island 3
This league is powered by Out of the Park Baseball, the baseball management simulation game for PC, Mac and Linux
Friday, January 22nd, 2016 - OOTP Baseball 16.9 Build 39